 Dungeon Crawl Stone Soup version 0.20-a0-351-gc9b4002 (webtiles) character file.

265 sugabear the Ruffian (level 5, -2/40 HPs)
             Began as a Draconian Transmuter on Dec 26, 2016.
             Slain by a wight
             ... wielding a +0 mace
              (6 damage)
             ... on level 4 of the Dungeon.
             The game lasted 00:05:07 (3864 turns).

sugabear the Ruffian (Draconian Transmuter)         Turns: 3864, Time: 00:05:08

Health: -2/40      AC:  5    Str: 11 (12) XL:     5   Next: 99%
Magic:  7/9        EV: 12    Int: 14 (15) God:
Gold:   143        SH:  0    Dex: 10 (11) Spells: 2/10 levels left

rFire  . . .     SeeInvis .       - Unarmed
rCold  . . .     Gourm    .     (armour unavailable)
rNeg   . . .     Faith    .     (no shield)
rPois  .         Spirit   .     (helmet restricted)
rElec  .         Reflect  .     (no cloak)
rCorr  .         Harm     .     (no gloves)
MR     .....                    (no boots)
Stlth  +.........               (no amulet)
                                (no ring)
                                (no ring)

@: drained
A: unfitting armour, cold-blooded, AC +5
a: no special abilities


You were on level 4 of the Dungeon.
You were not hungry.

You visited 1 branch of the dungeon, and saw 4 of its levels.

You collected 143 gold pieces.

Inventory:

Missiles
 a - 12 arrows
Scrolls
 e - 2 scrolls of magic mapping {unknown}
 f - a scroll of remove curse {unknown}
 h - 3 scrolls of teleportation {unknown}
 i - a scroll of enchant weapon {unknown}
 k - 2 scrolls of blinking {unknown}
 l - 5 scrolls of identify {unknown}
 p - 2 scrolls of immolation {unknown}
 q - a scroll of recharging {unknown}
Potions
 d - a potion of degeneration
 g - a potion of invisibility {unknown}
 j - 3 potions of curing {unknown}
 m - 2 potions of ambrosia {unknown}
 n - 2 potions of flight {unknown}
 o - a potion of brilliance {unknown}
Books
 b - a book of Changes

   Spells                             Type                      Level
   a - Beastly Appendage              Transmutation                1
   b - Sticks to Snakes               Transmutation                2
   c - Spider Form                    Transmutation/Poison         3
   d - Ice Form                       Ice/Transmutation            4
   e - Blade Hands                    Transmutation                5
Comestibles
 c - 2 bread rations
 r - a meat ration


   Skills:
 + Level 1.3(0.3) Fighting
 + Level 2.8(1.8) Dodging
 + Level 4.7(3.6) Unarmed Combat
 + Level 3.0(1.9) Spellcasting
 + Level 3.0(1.9) Transmutations
 * Level 1.1(0.1) Ice Magic
 + Level 0.4(0.0) Poison Magic


You had 2 spell levels left.
You knew the following spells:

 Your Spells              Type           Power        Failure   Level  Hunger
a - Beastly Appendage     Tmut           #.....       14%         1    ##.....
b - Spider Form           Tmut/Pois      #.........   61%         3    ####...
c - Ice Form              Ice/Tmut       #.......     98%         4    #####..


Dungeon Overview and Level Annotations

Branches:
Dungeon (4/15)
 Temple: D:4-7

Altars:
Ashenzari
Cheibriados
Sif Muna

Annotations:
D:4 nxtlvl's ghost, amateur KoFi


Innate Abilities, Weirdness & Mutations

Your plain brown scales are hard. (AC +5)
You cannot fit into any form of body armour.
You are cold-blooded and may be slowed by cold attacks.


Message History

The wight is lightly damaged.
The wight hits you with a mace!
* * * LOW HITPOINT WARNING * * *
You completely miss the wight.
The wight is lightly damaged.
You barely miss the wight.
The wight is lightly damaged.
Your transformation has ended.
The wight barely misses you.
You hit the wight but do no damage.
The wight is lightly damaged.
The wight hits you with a mace.
* * * LOW HITPOINT WARNING * * *
You feel drained.
Unknown command.
It was a potion of degeneration.
There was something very wrong with that liquid.
You feel weakened.
You feel dopey.
You feel clumsy. The wight hits you with a mace.
You die...

...##..#####.######...###
S.....................#
.......#.###.#######..#
...z...#.###.##.......#
##.#####.....##.####.## #
#.###.##.## #.# #.#
#....<# #.# #z# #######
#.# #@# ### #.# ###


You could see a wight.

Vanquished Creatures
  A hound (D:4)
  An orc wizard (D:3)
  Jessica (D:2)
  2 worker ants (D:4)
  An adder (D:2)
  4 gnolls (D:3)
  A worm (D:2)
  3 dart slugs
  2 leopard geckos
  7 orcs (D:3)
  A giant cockroach (D:3)
  8 goblins
  5 hobgoblins
  7 jackals
  2 quokkas (D:2)
  6 bats
  A frilled lizard (D:2)
  11 kobolds
  5 rats
69 creatures vanquished.

Notes
Turn   | Place    | Note
-------+----------+-------------------------------------------
     0 | D:1      | sugabear the Draconian Transmuter began the quest for the Orb.
     0 | D:1      | Reached XP level 1. HP: 16/16 MP: 3/3
   221 | D:1      | Reached XP level 2. HP: 18/23 MP: 3/5
   704 | D:2      | Reached XP level 3. HP: 10/28 MP: 4/6
   965 | D:2      | Learned a level 3 spell: Spider Form
  1045 | D:2      | Found a deep blue altar of Sif Muna.
  1178 | D:2      | Found a shattered altar of Ashenzari.
  1257 | D:2      | Noticed Jessica
  1269 | D:2      | Killed Jessica
  1269 | D:2      | Reached skill level 4 in Unarmed Combat
  1269 | D:2      | Reached XP level 4. HP: 27/35 MP: 3/7
  2373 | D:3      | Reached XP level 5. HP: 28/40 MP: 2/9
  2826 | D:3      | Found a snail-covered altar of Cheibriados.
  3325 | D:4      | Learned a level 4 spell: Ice Form
  3374 | D:4      | Noticed a crocodile
  3384 | D:4      | HP: 1/40 [crocodile (12)]
  3736 | D:4      | Noticed nxtlvl's ghost (amateur KoFi)
  3853 | D:4      | Reached skill level 1 in Ice Magic
  3864 | D:4      | Slain by a wight

Vault maps used:
D:1:      denvon_arrival_planthouse
D:2:      kennysheep_flooded_box, nicolae_ashenzari_panopticon, uniq_jessica
D:3:      overflow_temple_1_default, first_bread, minmay_strange_pillars
D:4:      uniq_sigmund

Skill      XL: |  1  2  3  4  5 |
---------------+----------------+-----
Dodging        | 2 |  2.8
Unarmed Combat | 4 |  4.7
Spellcasting   | 3 |  3.0
Transmutations | 3 |  3.0
Ice Magic      | 1 |  1.1
Fighting       | |  1.3
Poison Magic   | |  0.4

Action                   |  1- 3 |  4- 6 || total
-------------------------+-------+-------++-------
Melee: Unarmed           |    83 |   151 ||   234
       Kick              |     6 |       ||     6
       Tailslap          |     7 |     4 ||    11
       Headbutt          |     4 |       ||     4
       Punch             |       |     5 ||     5
 Cast: Beastly Appendage |    13 |       ||    13
       Spider Form       |     3 |    13 ||    16
  Use: Potion            |       |     1 ||     1
 Stab: Sleeping          |     1 |       ||     1
  Eat: Chunk             |     1 |    11 ||    12
Armor: Skin              |    22 |    32 ||    54
Dodge: Dodged            |    40 |   147 ||   187
